 Dungeon Crawl Stone Soup version 0.20.0-8-g6b59dc7 (webtiles) character file.

256 Kriby the Chopper (level 5, -1/48 HPs)
             Began as a Minotaur Berserker on May 30, 2017.
             Was a Priest of Trog.
             Slain by Grinder (5 damage)
             ... on level 3 of the Dungeon.
             The game lasted 00:02:44 (2776 turns).

Kriby the Chopper (Minotaur Berserker)              Turns: 2776, Time: 00:02:44

Health: -1/48      AC:  2    Str: 22    XL:     5   Next: 92%
Magic:  4/4        EV: 11    Int:  4    God:    Trog [***...]
Gold:   126        SH:  3    Dex: 10    Spells: 4/4 levels left

rFire    . . .     SeeInvis .   a - +0 hand axe
rCold    . . .     Gourm    .   h - +0 buckler
rNeg     . . .     Faith    .   b - +0 animal skin
rPois    .         Spirit   .   (helmet restricted)
rElec    .         Reflect  .   (no cloak)
rCorr    .         Harm     .   (no gloves)
MR       .....                  (no boots)
Stlth    +.........             (no amulet)
Regen    0.2/turn               (no ring)
MPRegen  0.1/turn               (no ring)

@: berserk cooldown, slowed, very slow
A: retaliatory headbutt, horns 2
a: Berserk, Trog's Hand, Burn Spellbooks, Renounce Religion


You were on level 3 of the Dungeon.
You worshipped Trog.
Trog was most pleased with you.
You were very hungry.

You visited 1 branch of the dungeon, and saw 3 of its levels.

You collected 126 gold pieces.

Inventory:

Hand Weapons
 a - a +0 hand axe (weapon)
Armour
 b - a +0 animal skin (worn)
 h - a +0 buckler (worn)
Wands
 i - a wand of paralysis (18/24)
Scrolls
 e - a scroll of blinking
 g - 2 scrolls of teleportation
 j - 3 scrolls of identify
 o - a scroll of enchant weapon {unknown}
Potions
 d - 3 potions of curing {unknown}
 k - a potion of lignification {unknown}
 n - a potion of invisibility {unknown}
 p - a potion of mutation {unknown}
 s - a potion of haste {unknown}
Comestibles
 c - a bread ration
 f - 2 meat rations
 t - 7 fruits


   Skills:
 + Level 5.4 Fighting
 * Level 6.9 Axes
 - Level 2.4 Armour
 - Level 2.1 Dodging


You had 4 spell levels left.
You didn't know any spells.

Dungeon Overview and Level Annotations

Branches:
Dungeon (3/15)

Altars:

Annotations:
D:3 Grinder


Innate Abilities, Weirdness & Mutations

You reflexively headbutt those who attack you in melee.
You have a pair of horns on your head.


Message History

You are too injured to fight recklessly!
You barely miss Grinder. Your headbutt misses Grinder.
Grinder is heavily wounded.
Grinder says, "Mostly I couldn't keep them alive."
Grinder hits you!
* * * LOW HITPOINT WARNING * * *
You writhe in agony.
* * * LOW HITPOINT WARNING * * *
Grinder closely misses you. You furiously retaliate!
You headbutt Grinder, but do no damage. You closely miss Grinder.
Grinder is heavily wounded.
Grinder misses you. You furiously retaliate!
You headbutt Grinder.
You are too injured to fight recklessly!
You hit Grinder but do no damage.
Grinder is heavily wounded.
Grinder barely misses you. Grinder hits you.
* * * LOW HITPOINT WARNING * * *
You writhe in agony.
You die...

#..........##.## #.#
############.##############.#
#..##.#.............#
#...#.#.............#
#...................#
#........##########.#
#........# #.### #.....5..#
#.... #.....@..###### #....
#.............. #....
######.††...... #....
#>........ #.... #.........
#.... #........[ #....
#......... #.... #.........
##### #.........


You could see Grinder.

Vanquished Creatures
  2 orc priests (D:3)
  An orc wizard (D:3)
  8 adders
  4 worms
  2 dart slugs (D:1)
  4 leopard geckos
  2 orcs (D:3)
  2 giant cockroaches (D:2)
  6 goblins
  7 hobgoblins
  12 jackals
  4 kobolds
  4 quokkas
  6 bats
  3 frilled lizards
  9 rats
76 creatures vanquished.

Notes
Turn   | Place    | Note
-------+----------+-------------------------------------------
     0 | D:1      | Kriby the Minotaur Berserker began the quest for the Orb.
     0 | D:1      | Reached XP level 1. HP: 19/19 MP: 0/0
    11 | D:1      | Reached skill level 4 in Axes
    13 | D:1      | Reached XP level 2. HP: 20/27 MP: 1/1
   373 | D:1      | Reached ** piety under Trog
   373 | D:1      | Reached XP level 3. HP: 32/33 MP: 2/2
   746 | D:2      | Reached skill level 5 in Axes
   778 | D:2      | Reached XP level 4. HP: 19/41 MP: 3/3
  1909 | D:3      | Reached skill level 5 in Fighting
  2030 | D:3      | Reached XP level 5. HP: 48/48 MP: 4/4
  2052 | D:3      | Reached skill level 6 in Axes
  2728 | D:3      | Reached *** piety under Trog
  2748 | D:3      | Found a faded altar of an unknown god.
  2760 | D:3      | Noticed Grinder
  2776 | D:3      | Slain by Grinder

Skill      XL: |  1  2  3  4  5 |
---------------+----------------+-----
Axes           | 4 5 6 |  6.9
Fighting       | 4 5 |  5.4
Armour         | |  2.4
Dodging        | |  2.1

Action                   |  1- 3 |  4- 6 || total
-------------------------+-------+-------++-------
Melee: Hand axe          |    58 |    95 ||   153
       Headbutt          |     5 |    13 ||    18
Invok: Berserk           |     1 |     3 ||     4
  Use: Scroll            |       |     5 ||     5
  Eat: Chunk             |       |     8 ||     8
Armor: Animal skin       |    17 |    14 ||    31
Dodge: Dodged            |    51 |    54 ||   105
Block: Buckler           |     4 |     9 ||    13
